 Dungeon Crawl Stone Soup version 0.28.0-53-g5a82cb258f (webtiles) character file.

Game seed: 3016240698143694686

9534 Infinimo the Basher (level 11, -27/123 HPs)
             Began as an Ogre Gladiator on May 26, 2022.
             Was a High Priest of Okawaru.
             Annihilated by a boulder beetle (43 damage)
             ... on level 11 of the Dungeon.
             The game lasted 00:25:15 (18605 turns).

Infinimo the Basher (Ogre Gladiator)               Turns: 18605, Time: 00:25:16

Health: -27/123    AC:  8    Str: 20    XL:     11   Next: 48%
Magic:  11/11      EV: 17    Int: 13    God:    Okawaru [*****.]
Gold:   670        SH:  0    Dex: 16    Spells: 10/10 levels left

rFire   + . .      SeeInvis +   o - +5 flail (vorpal)
rCold   + . .      Faith    +   (no shield)
rNeg    . . .      Spirit   .   v - +0 acid dragon scales
rPois   .          Reflect  .   B - +1 hat {SInv}
rElec   .          Harm     .   g - scarf {rC+ rF+}
rCorr   +          Rampage  .   (gloves unavailable)
Will    +....                   (boots unavailable)
Stlth   +.........              r - amulet of faith
HPRegen 0.30/turn               i - +4 ring of evasion
MPRegen 0.12/turn               u - +6 ring of dexterity

@: lethally poisoned (-27 -> -30)
A: large, unfitting armour, tough skin 1
a: Renounce Religion, Heroism, Finesse, Duel


You were on level 11 of the Dungeon.
You worshipped Okawaru.
Okawaru was extremely pleased with you.
You visited 2 branches of the dungeon, and saw 12 of its levels.
You also visited: Sewer.

You collected 670 gold pieces.

Inventory:

Hand Weapons
 k - a +2 whip of venom
 m - a +0 giant spiked club
 o - a +5 vorpal flail (weapon)
Missiles
 d - 4 throwing nets (quivered)
Armour
 g - a scarf of resistance (worn)
 v - +0 acid dragon scales (worn)
 z - a +1 cloak of preservation
 B - a +1 hat of see invisible (worn)
Jewellery
 h - a +6 ring of strength
 i - a +4 ring of evasion (left hand)
 r - an amulet of faith (around neck)
 u - a +6 ring of dexterity (right hand)
Wands
 a - a wand of digging (1)
 b - a wand of flame (14)
 f - a wand of polymorph (22)
 q - a wand of iceblast (4)
Scrolls
 l - 3 scrolls of amnesia
 x - 4 scrolls of identify
 y - a scroll of noise {unknown}
 A - 3 scrolls of enchant weapon
Potions
 c - a potion of lignification {unknown}
 e - 2 potions of flight
 j - a potion of resistance {unknown}
 n - 3 potions of magic
 p - 2 potions of mutation
 s - 3 potions of curing
 t - 2 potions of brilliance
 D - a potion of berserk rage {unknown}


   Skills:
 + Level 11.8 Fighting
 * Level 11.8 Maces & Flails
 - Level 2.0 Throwing
 + Level 8.6 Dodging


You had 10 spell levels left.
You didn't know any spells.
Your spell library contained the following spells:

 Spells                   Type           Power      Damage    Failure   Level
 Pain                     Necr           0%         1d4       38%         1
 Blink                    Tloc           0%         N/A       52%         2
 Gell's Gravitas          Tloc           0%         N/A       77%         3
 Lesser Beckoning         Tloc           0%         N/A       77%         3
 Teleport Other           Tloc           0%         N/A       77%         3
 Vampiric Draining        Necr           0%         2d6       77%         3
 Manifold Assault         Tloc           0%         N/A       100%        5
 Dispersal                Tloc           0%         N/A       100%        6
 Animate Skeleton         Necr           Unusable   N/A       N/A         1
 Summon Small Mammal      Summ           Unusable   N/A       N/A         1
 Call Canine Familiar     Summ           Unusable   N/A       N/A         3
 Summon Guardian Golem    Hex/Summ       Unusable   N/A       N/A         3

Dungeon Overview and Level Annotations

Branches:
Dungeon (11/15)            Temple (1/1) D:7            Lair (0/6) D:8
  Sewer (visited)
    Orc: D:9-12

Altars:
Ashenzari
Cheibriados
Dithmenos
Elyvilon
Fedhas
Gozag
Hepliaklqana
Kikubaaqudgha
Makhleb
Nemelex Xobeh
Okawaru
Qazlal
Ru
Sif Muna
Trog
Uskayaw
Vehumet
Wu Jian
Xom
Yredelemnul
Zin
The Shining One

Shops:
D:4 *   D:6 (

Annotations:
D:2 Sigmund
D:4 Duvessa
D:9 1 exclusion


Innate Abilities, Weirdness & Mutations

You are too large for most types of armour.
You have tough skin. (AC +1)


Message History

The gargoyle is lightly damaged.
You feel sick.
You hit the gargoyle.
The gargoyle is moderately damaged.
You feel sick.
You are no longer poisoned.
The gargoyle hurls a stone arrow at you.
The stone arrow hits you!!
* * * LOW HITPOINT WARNING * * *
Okay, then.
You barely miss the gargoyle.
The gargoyle is moderately damaged.
The gargoyle hurls a stone arrow at you.
The stone arrow misses you.
You hit the gargoyle but do no damage.
The gargoyle is moderately damaged.
The gargoyle hits you with a +0 mace!
* * * LOW HITPOINT WARNING * * *
You barely miss the gargoyle.
The gargoyle is moderately damaged.
The gargoyle hurls a stone arrow at you.
The stone arrow misses you.
As you read the scroll of teleportation, it crumbles to dust.
You feel strangely unstable. The gargoyle hits you with a +0 mace.
* * * LOW HITPOINT WARNING * * *
Your surroundings suddenly seem different. 4 kobolds and a boulder beetle come into view.
A kobold is wielding a +0 dagger and quivering poisoned darts.
Found 13 gold pieces and a club.
Found a stone staircase leading up.
The kobold shouts!
You hear a shout!
A kobold comes into view. It is wielding a +0 short sword.
The kobold moves out of view.
Okay, then.
Okay, then.
The boulder beetle curls into a ball and begins rolling!
The kobold throws a poisoned dart.
The poisoned dart hits you!
You are poisoned.
You feel sick.
You feel sick. The boulder beetle hits you!!!
You die...

#......#..<...##.....
#......#........K....
#......#.............
#......+............$
#......#.............
###......#..°...#
..#......#...°..##
..'......#....○..#
..#......#.....B@#
######
..#......#.......#
#.....
..#......#.......#
#.....
###......#.......#
#.....
.........#.......+
#..<..
.........#......##
#.....
.........#######
####'# .........#
#..... .........#
#.....


You could see a boulder beetle (rolling).

Vanquished Creatures
  Gastronok (D:8)
  A two-headed ogre (D:10)
  A moth of wrath (D:9)
  Maurice (D:9)
  Maggie (D:10)
  A komodo dragon (D:10)
  Prince Ribbit (D:7)
  A hornet (D:10)
  A wyvern (D:9)
  A shadow (D:10)
  A basilisk (D:9)
  3 yaks (D:10)
  3 wargs
  2 water moccasins (D:8)
  A swamp drake (D:9)
  5 orc warriors
  An ice beast (D:6)
  2 black bears
  An ogre (D:5)
  A hornet zombie (D:7)
  A wolf (D:6)
  3 centaurs
  A phantom (D:4)
  3 kobold brigands
  2 bullfrogs
  Blork the orc (D:4)
  2 gnoll sergeants
  A wyvern zombie (D:7)
  A water moccasin zombie (D:6)
  Dowan (D:5)
  11 killer bees
  9 wights
  7 electric eels
  4 centaur zombies
  A jelly (D:5)
  10 orc priests
  2 hounds
  3 iguanas
  7 orc wizards
  A hound skeleton (D:5)
  A howler monkey zombie (D:8)
  Robin (D:2)
  7 adders
  7 gnolls
  4 river rats
  2 shadow imps (D:7)
  A white imp (D:6)
  2 worms (Sewer)
  3 dart slugs
  22 orcs
  12 ball pythons
  5 endoplasms
  A giant cockroach (D:4)
  14 goblins
  9 hobgoblins
  4 jackals (D:1)
  7 quokkas
  4 bats (D:1)
  5 frilled lizards
  30 kobolds
  5 rats
247 creatures vanquished.

Vanquished Creatures (others)
  62 plants (D:9)
  4 toadstools (D:1)
66 creatures vanquished.

Grand Total: 313 creatures vanquished

Notes
Turn   | Place    | Note
-------+----------+-------------------------------------------
     0 | D:1      | Infinimo the Ogre Gladiator began the quest for the Orb.
     0 | D:1      | Reached XP level 1. HP: 22/22 MP: 1/1
   313 | D:1      | Reached XP level 2. HP: 13/29 MP: 2/2
  1026 | D:1      | Reached XP level 3. HP: 36/37 MP: 3/3
  1499 | D:2      | Noticed Sigmund
  2315 | D:2      | Reached XP level 4. HP: 30/46 MP: 4/4
  2653 | D:2      | Noticed Robin
  2683 | D:2      | Killed Robin
  4238 | D:3      | Reached XP level 5. HP: 45/54 MP: 5/5
  4594 | D:4      | Noticed Edmund
  4615 | D:4      | Noticed Blork the orc
  4615 | D:4      | Noticed an ogre
  4639 | D:4      | Noticed an orc warrior
  4891 | D:4      | Killed Blork the orc
  5145 | D:4      | Found Unlump's Lightly-Used Armoury.
  5220 | D:4      | Noticed a phantom
  5241 | D:4      | Killed a phantom
  5242 | D:4      | Reached XP level 6. HP: 18/63 MP: 6/6
  5416 | D:4      | an orc warrior changed into an iguana
  5452 | D:4      | Reached skill level 5 in Maces & Flails
  5456 | D:4      | HP: 2/65 [something (3)]
  5469 | D:4      | Reached skill level 5 in Fighting
  6496 | D:4      | Noticed Edmund
  6496 | D:4      | Edmund changed into Edmund the bullfrog
  6504 | D:4      | Killed Edmund the bullfrog
  6505 | D:4      | Reached XP level 7. HP: 72/72 MP: 7/7
  6541 | D:5      | Entered Level 5 of the Dungeon
  6541 | D:5      | You fall into a shaft and drop 1 floor!
  6555 | D:6      | Identified the +3 quarterstaff "Ivijoic" {venom, rC+ rN+
                  | rCorr Dex+4}
  6648 | D:5      | Found a glowing drain.
  6664 | Sewer    | Entered a sewer
  7221 | D:5      | Noticed Duvessa
  7221 | D:5      | Noticed Dowan
  7238 | D:5      | Killed Dowan
  7658 | D:5      | Identified a scroll of acquirement
  7658 | D:5      | Acquired a scarf of resistance
  8223 | D:5      | Reached XP level 8. HP: 56/84 MP: 8/8
  8689 | D:6      | Found Vygis's Weapon Boutique.
  8741 | D:6      | Reached skill level 5 in Dodging
  9594 | D:7      | Found a blossoming altar of Fedhas.
  9604 | D:7      | Reached XP level 9. HP: 45/96 MP: 9/9
  9945 | D:7      | Found a staircase to the Ecumenical Temple.
  9961 | Temple   | Entered the Ecumenical Temple
 10324 | Temple   | Became a worshipper of Warmaster Okawaru
 10367 | D:7      | Noticed Prince Ribbit
 10383 | D:7      | Killed Prince Ribbit
 10983 | D:8      | Reached * piety under Okawaru
 11309 | D:8      | Found a staircase to the Lair.
 12486 | D:8      | Reached XP level 10. HP: 64/107 MP: 10/10
 12660 | D:9      | Noticed Gastronok
 12685 | D:9      | Reached ** piety under Okawaru
 12736 | D:9      | Noticed Maurice
 12747 | D:9      | Killed Maurice
 14206 | D:8      | Killed Gastronok
 14206 | D:8      | Reached *** piety under Okawaru
 14207 | D:8      | Reached skill level 10 in Fighting
 14207 | D:8      | Reached skill level 10 in Maces & Flails
 15226 | D:9      | Reached **** piety under Okawaru
 16147 | D:9      | Noticed a cyclops
 16147 | D:9      | Noticed a red ugly thing
 16148 | D:9      | Noticed a moth of wrath
 16148 | D:9      | a cyclops changed into a moth of wrath
 16524 | D:9      | Killed a moth of wrath
 16525 | D:9      | Reached XP level 11. HP: 86/120 MP: 11/11
 16662 | D:9      | Noticed a brown ugly thing
 16716 | D:10     | Entered Level 10 of the Dungeon
 16716 | D:10     | Noticed a two-headed ogre
 16724 | D:10     | Killed a two-headed ogre
 17096 | D:10     | Found a hide-covered altar of Uskayaw.
 17240 | D:10     | Reached ***** piety under Okawaru
 17337 | D:10     | Noticed Maggie
 17351 | D:10     | Killed Maggie
 18602 | D:11     | Noticed a boulder beetle
 18605 | D:11     | Annihilated by a boulder beetle

Illustrated notes

Levels and vault maps discovered:
D:1:      ldierk_walled_garden_2, layout_basic
D:2:      layout_basic, uniq_sigmund, uniq_robin
D:3:      layout_loops_cross, dk_noncrumbling_4
D:4:      layout_basic, minmay_shop_damaged, uniq_blork_the_orc, uniq_edmund
D:5:      layout_loops_ring, portal_sewer_entry_a, uniq_duvessa
D:6:      layout_basic, serial_shops, nicolae_shop_crystal, st_stairs_7
D:7:      layout_loops_cross, mainiacjoe_overflow_24_doors,
          minmay_temple_entry_hall, enter_bailey_4, chequers_mini_garden,
          uniq_prince_ribbit1
D:8:      layout_gridville, erik_lair_orcish_takeover, grunt_ministairs_9
D:9:      minmay_the_grid_triangle_9x9_rhombus_thin
          [minmay_the_grid_triangle_9x9_shrine,
          minmay_the_grid_triangle_9x9_prize_schism,
          minmay_the_grid_triangle_9x9_zippers_vertical,
          minmay_the_grid_triangle_9x9_odd_lines], layout_basic, serial_bayou,
          serial_bayou_lagoon_a, serial_bayou_pond_e, serial_bayou_pond_b,
          serial_bayou_pond_a, kennysheep_generic_room_2, uniq_gastronok,
          uniq_maurice
D:10:     layout_loops_ring, nicolae_uskayaw_dance_hall, hive_lemuel,
          uniq_maggie
D:11:     layout_gridville, okawaru_ov_weapons_minmay
Temple:   mainiacjoe_temple_cubbyholes

Skill      XL: |  1  2  3  4  5  6  7  8  9 10 |
---------------+-------------------------------+-----
Fighting       | 3 4 5 6 8 9 11 | 11.8
Maces & Flails | 3 4 5 6 8 9 11 | 11.8
Dodging        | 3 4 6 8 |  8.6
Throwing       | |  2.0

Action                   |  1- 3 |  4- 6 |  7- 9 | 10-12 || total
-------------------------+-------+-------+-------+-------++-------
Melee: Flail             |   132 |   205 |   317 |   288 ||   942
       Punch             |     4 |       |     3 |     5 ||    12
       Unarmed           |       |     8 |       |       ||     8
       Whip              |       |       |       |    65 ||    65
Evoke: Wand              |       |     5 |     3 |     3 ||    11
  Use: Scroll            |       |     6 |     8 |     6 ||    20
       Potion            |       |     6 |     4 |     2 ||    12
 Stab: Sleeping          |     2 |       |       |     1 ||     3
       Distracted        |       |       |     1 |     1 ||     2
Armor: Robe              |    41 |    48 |    71 |    14 ||   174
       Skin              |       |     1 |       |       ||     1
       Acid dragon scale |       |       |       |    31 ||    31
Dodge: Dodged            |    80 |   124 |   260 |   230 ||   694
